 Dungeon Sprint DCSS version 0.29-a0-380-gf50f0a9fbc (webtiles) character file.

Game seed: 7108156099651726189

218 klau3 the Fighter (level 5, -3/56 HPs)
             Began as a Minotaur Fighter on May 5, 2022.
             Was an Initiate of Trog.
             Slain by a gargoyle
             ... wielding a +0 flail
              (14 damage)
             ... in the Dungeon (Sprint IX: "|||||||||||||||||||||||||||||").
             The game lasted 00:03:50 (624 turns).

klau3 the Fighter (Minotaur Fighter)                 Turns: 624, Time: 00:03:50

Health: -3/56      AC: 13    Str: 20    XL:     5   Next: 63%
Magic:  4/4        EV:  6    Int:  5    God:    Trog [......]
Gold:   0          SH:  5    Dex: 12    Spells: 4/4 levels left

rFire   . . .      SeeInvis .   a - +0 rapier
rCold   . . .      Faith    .   c - +0 buckler
rNeg    . . .      Spirit   .   p - +0 plate armour
rPois   .          Reflect  .   (helmet restricted)
rElec   .          Harm     .   (no cloak)
rCorr   .          Rampage  .   (no gloves)
Will    .....      NoTele   +   (no boots)
Stlth   ..........              (no amulet)
HPRegen 0.18/turn               (no ring)
MPRegen 0.09/turn               (no ring)

@: no status effects
A: horns 2, retaliatory headbutt
a: Renounce Religion


You were in the Dungeon.
You worshipped Trog.
Trog was noncommittal.
You visited 1 branch

Inventory:

Hand Weapons
 a - a +0 rapier (weapon)
 k - a +0 spear
 n - a +2 rapier of speed
Armour
 b - a +0 scale mail
 c - a +0 buckler (worn)
 p - a +0 plate armour (worn)
Jewellery
 q - a +2 ring of evasion
 r - a +2 ring of evasion
Wands
 m - a wand of iceblast (10)
Scrolls
 o - 2 scrolls of amnesia
Potions
 d - a potion of might
 e - 5 potions of curing
 f - 3 potions of heal wounds
 g - a potion of haste
 h - 4 potions of magic
 i - a potion of berserk rage
 l - a potion of invisibility


   Skills:
 + Level 8.4 Fighting
 + Level 5.8 Short Blades
 + Level 8.1 Armour
 + Level 1.8 Dodging
 + Level 0.8 Stealth
 + Level 7.5 Shields


You had 4 spell levels left.
You didn't know any spells.
Your spell library was empty.

Dungeon Overview and Level Annotations

Branches:
Dungeon (1/1)

Altars:
Cheibriados
Dithmenos
Elyvilon
Fedhas
Gozag
Hepliaklqana
Kikubaaqudgha
Makhleb
Nemelex Xobeh
Okawaru
Qazlal
Ru
Sif Muna
Trog
Uskayaw
Vehumet
Wu Jian
Xom
Yredelemnul
Zin
The Shining One
Beogh
Jiyva
Lugonu


Innate Abilities, Weirdness & Mutations

You have a pair of horns on your head.
You reflexively headbutt those who attack you in melee.


Message History

There is a hide-covered altar of Uskayaw here.
There is a bloodstained altar of Trog here.
There is a shimmering blue altar of Sif Muna here.
There is a sacrificial altar of Ru here.
There is a stormy altar of Qazlal here.
There is an iron altar of Okawaru here.
There is a sparkling altar of Nemelex Xobeh here.
There is a burning altar of Makhleb here.
There is a corrupted altar of Lugonu here.
There is an ancient bone altar of Kikubaaqudgha here.
There is a viscous altar of Jiyva here.
There is a hazy altar of Hepliaklqana here.
There is an opulent altar of Gozag here.
There is a blossoming altar of Fedhas here.
There is a white marble altar of Elyvilon here.
There is a shadowy altar of Dithmenos here.
There is a snail-covered altar of Cheibriados here.
There is a roughly hewn altar of Beogh here.
There is an open door to the Temple here.
There is an open door here.
Unknown command.
There is an open door here.
Unknown command.
You close the door.
A two-headed ogre breaks down the door.
You see here a +0 shortbow.
The orc wizard mumbles some strange words.
The orc wizard flickers and vanishes!
Items here: ( )) ÷.
There is an open door to the Dungeon here.
You see here a +0 dagger.
There is an open door to the Dungeon here.
You see here a +0 dagger.
Blink to where?
Press: ? - help, Q - select action, (/) - cycle Dir - move target, p - gargoyle
As you read the scroll of blinking, it crumbles to dust.
Something hits you.
* * * LOW HITPOINT WARNING * * *
The gargoyle hits you with a +0 flail!
You die...

▓_▓
▓'▓
▓.▓
▓.▓
▓.▓
▓.▓
▓.▓
▓9▓
▓@▓
▓{▓
▓)▓
▓O▓
▓o▓
▓)▓
▓§▓
▓.▓
▓.▓


You could see a two-headed ogre, an orc warrior and a gargoyle.

Vanquished Creatures
  A black bear (D)
  A centaur (D)
  An iguana (D)
  A gnoll (D)
  An adder (D)
  An orc (D)
  A goblin (D)
  A hobgoblin (D)
  A kobold (D)
  A rat (D)
10 creatures vanquished.

Notes
Turn   | Place    | Note
-------+----------+-------------------------------------------
     0 | D        | klau3 the Minotaur Fighter began the quest for the Orb.
     0 | D        | Reached XP level 1. HP: 19/19 MP: 0/0
    19 | D        | Reached XP level 2. HP: 5/28 MP: 1/1
   268 | D        | Noticed a centaur
   268 | D        | Noticed a black bear
   273 | D        | Reached skill level 5 in Fighting
   273 | D        | Reached skill level 5 in Armour
   273 | D        | Reached skill level 5 in Shields
   273 | D        | Reached XP level 3. HP: 20/37 MP: 2/2
   284 | D        | Killed a black bear
   285 | D        | Reached skill level 1 in Dodging
   285 | D        | Reached XP level 4. HP: 21/47 MP: 3/3
   287 | D        | Reached skill level 5 in Short Blades
   287 | D        | Reached XP level 5. HP: 24/52 MP: 4/4
   294 | D        | Killed a centaur
   491 | D        | Found a snail-covered altar of Cheibriados.
   491 | D        | Found a shadowy altar of Dithmenos.
   491 | D        | Found a white marble altar of Elyvilon.
   491 | D        | Found a blossoming altar of Fedhas.
   491 | D        | Found an opulent altar of Gozag.
   492 | D        | Found a hazy altar of Hepliaklqana.
   493 | D        | Found a viscous altar of Jiyva.
   494 | D        | Found an ancient bone altar of Kikubaaqudgha.
   495 | D        | Found a corrupted altar of Lugonu.
   496 | D        | Found a burning altar of Makhleb.
   497 | D        | Found a sparkling altar of Nemelex Xobeh.
   498 | D        | Found an iron altar of Okawaru.
   499 | D        | Found a stormy altar of Qazlal.
   500 | D        | Found a sacrificial altar of Ru.
   501 | D        | Found a shimmering blue altar of Sif Muna.
   502 | D        | Found a bloodstained altar of Trog.
   503 | D        | Found a hide-covered altar of Uskayaw.
   504 | D        | Found a radiant altar of Vehumet.
   505 | D        | Found an ornate altar of the Wu Jian Council.
   506 | D        | Found a shimmering altar of Xom.
   507 | D        | Found a basalt altar of Yredelemnul.
   508 | D        | Found a glowing silver altar of Zin.
   509 | D        | Found a glowing golden altar of the Shining One.
   532 | D        | Became a worshipper of Trog the Wrathful
   571 | D        | Noticed a troll
   571 | D        | Noticed a yak
   571 | D        | Noticed a gargoyle
   571 | D        | Noticed an orc warrior
   571 | D        | Noticed a two-headed ogre
   624 | D        | Slain by a gargoyle

Illustrated notes

Levels and vault maps discovered:
D:        linesprint [early_d, line_temple, items_1, d_10, items_2, lair_1,
          lair_end, items_3, orc_1, orc_end, items_4, d_15, swamp_1, shoals_1,
          snake_1, spider_1, d_20, vaults_1, items_5, swamp_end, shoals_end,
          snake_end, spider_end, vaults_end, d_27, items_6, zot_1, zot_end,
          crypt_end, forest_end, elf_end, slime_end, tomb_end, abyss_end,
          pan_hell_end]

Skill      XL: |  1  2  3  4  5 |
---------------+----------------+-----
Fighting       | 4 5 7 8 |  8.4
Armour         | 4 5 7 8 |  8.1
Shields        | 4 5 6 7 |  7.5
Short Blades   | 3 4 5 |  5.8
Dodging        | 1 |  1.8
Stealth        | |  0.8

Action                   |  1- 3 |  4- 6 || total
-------------------------+-------+-------++-------
Melee: Rapier            |    26 |    13 ||    39
       Headbutt          |     7 |     4 ||    11
  Use: Scroll            |       |     2 ||     2
Armor: Scale mail        |    10 |     3 ||    13
Dodge: Dodged            |    10 |    12 ||    22
Block: Buckler           |     3 |     7 ||    10

Table legend: (Time is in decaauts)
 A = Elapsed time spent in this place.
 B = Non-inter-level travel time spent in this place.
 C = Inter-level travel time spent in this place.
 D = Time resting spent in this place.
 E = Time spent auto-exploring this place.
 F = Levels seen in this place.
 G = Mean time per level.
                   A        B        C        D        E       F      G
               +--------+--------+--------+--------+--------+-----+--------+
         Total |    626 |    621 |      5 |    428 |      0 |   1 |  626.0 |
       Dungeon |    626 |    621 |      5 |    428 |      0 |   1 |  626.0 |
               +--------+--------+--------+--------+--------+-----+--------+

Top non-repeatable levels by time:
       D: 626 daAuts
